 Dungeon Crawl Stone Soup version 0.17-a0-1979-g1c74939 (webtiles) character file.

135 truemonolith the Insei (level 4, -10/35 HPs)
             Began as a Demonspawn Monk on Oct 5, 2015.
             Killed by divine providence
             ... invoked by an orc priest
              (12 damage)
             ... on level 3 of the Dungeon.
             The game lasted 00:05:57 (2818 turns).

truemonolith the Insei (Demonspawn Monk)            Turns: 2818, Time: 00:05:58

Health: -10/35     AC:  4    Str: 11    XL:     4   Next: 96%
Magic:  4/4        EV: 13    Int: 11    God:
Gold:   132        SH:  0    Dex: 17    Spells: 0 memorised, 3 levels left

rFire  . . .     SeeInvis .       - Unarmed
rCold  . . .     Clarity  .     a - +0 robe
rNeg   . . .     SustAt   .     (no shield)
rPois  .         Gourm    .     (helmet restricted)
rElec  .         Spirit   .     (no cloak)
rCorr  .         Warding  .     (no gloves)
rMut   .         Stasis   .     (no boots)
MR     .....                    (no amulet)
Stlth  ++........               (no ring)
                                (no ring)

@: not resistant to hostile enchantments, unstealthy
A: antennae 1, slimy green scales 1
a: no special abilities


You were on level 3 of the Dungeon.
You were not hungry.

You visited 1 branch of the dungeon, and saw 3 of its levels.

You collected 132 gold pieces.

Inventory:

Armour
 a - a +0 robe (worn)
Jewellery
 f - an uncursed ring of protection from cold {unknown}
 i - an uncursed ring of fire {unknown}
Wands
 c - a wand of slowing (17)
Scrolls
 d - a scroll of immolation {unknown}
 g - 2 scrolls of remove curse {unknown}
 h - a scroll of recharging {unknown}
 j - a scroll of teleportation {unknown}
 k - a scroll of fog {unknown}
 l - 2 scrolls of fear {unknown}
Potions
 e - 2 potions of degeneration {unknown}
Comestibles
 b - 2 bread rations
 m - a beef jerky


   Skills:
 - Level 3.0 Fighting
 - Level 2.6 Dodging
 - Level 1.7 Stealth
 + Level 5.7 Unarmed Combat


You had 3 spell levels left.
You didn't know any spells.

Dungeon Overview and Level Annotations

Branches:
Dungeon (3/15)

Altars:
Elyvilon


Innate Abilities, Weirdness & Mutations

You have a pair of small antennae on your head.
You are partially covered in slimy green scales (AC +2).


Message History

The orc priest throws a throwing net.
The throwing net hits you.
You become entangled in the net!
You struggle against the net.
You try to slip out of the net.
The orc priest shouts!
You try to slip out of the net.
The orc priest mumbles some strange prayers to Beogh against you.
Something smites you!
You hear a shout!
You slip out of the net!
The orc priest invokes the aid of Beogh against you.
Something smites you!
The orc priest casts a cantrip, but nothing happens.
The orc priest hits you with a flail.
The orc priest calls down the wrath of Beogh upon you.
Pain shoots through your body!
* * * LOW HITPOINT WARNING * * *
The orc priest calls down the wrath of Beogh upon you.
Something smites you!
You die...

#......'.....####.#.#.#
#......#..........#.#.#
#......#..............#
#......#.#.#..#####o###
#......#.#.#..o..o(...#
######.#.#.##.#########
#.#.#............
#####.#.####.########
#...).#....@.#
#.##########################
#................#..........
################.#.#########
#.#.#........ #.#..........
#.###.##.#### #.....##.#
########.#


You could see an orc priest.

Vanquished Creatures
  Ijyb (D:2)
  An orc wizard (D:3)
  An adder (D:2)
  4 giant geckos
  A ball python (D:2)
  9 bats
  4 giant cockroaches
  8 goblins
  4 hobgoblins
  3 jackals
  14 giant newts
  9 kobolds
  10 rats
69 creatures vanquished.

Vanquished Creatures (others)
  A plant (D:1)
1 creature vanquished.

Grand Total: 70 creatures vanquished

Notes
Turn   | Place    | Note
--------------------------------------------------------------
     0 | D:1      | truemonolith the Demonspawn Monk began the quest for the Orb.
     0 | D:1      | Reached XP level 1. HP: 18/18 MP: 1/1
   482 | D:1      | Reached skill level 4 in Unarmed Combat
   560 | D:1      | Gained mutation: You have a pair of small antennae on your head. [demonic ancestry]
   560 | D:1      | Reached XP level 2. HP: 24/24 MP: 2/2
  1078 | D:1      | Gained mutation: You are partially covered in slimy green scales (AC +2). [demonic ancestry]
  1078 | D:1      | Reached XP level 3. HP: 26/29 MP: 3/3
  1539 | D:2      | Reached skill level 5 in Unarmed Combat
  1886 | D:2      | Reached XP level 4. HP: 33/35 MP: 4/4
  1889 | D:2      | Noticed Ijyb
  1942 | D:2      | Killed Ijyb
  2068 | D:2      | Found a white marble altar of Elyvilon.
  2818 | D:3      | Killed from afar by an orc priest

Vault maps used:
D:1:      dpeg_arrival_tiny_h, minmay_lizard_king
D:2:      nicolae_overflow_hidden_temple, uniq_iyjb
D:3:      grunt_qazlal_sundering, first_bread

Action                   |  1- 3 |  4- 6 || total
-------------------------+-------+-------++-------
Melee: Unarmed           |   184 |    62 ||   246
  Use: Potion            |       |     1 ||     1
 Stab: Sleeping          |     3 |     1 ||     4
  Eat: Chunk             |     3 |     2 ||     5
       Bread ration      |       |     1 ||     1
